TOP OF THE 1ST |
Houston Hammertime batting - Pitching for San Jose Missions : LHP Octávio Pérez
|
Pitching: LHP Octávio Pérez
|
|
Batting: RHB Rafael Torres
|
0-0: Ball 1-0: Ball 2-0: Foul Ball, location: 2F 2-1: Foul Ball, location: 2F 2-2: Foul Ball, location: 2F 2-2: Ball 3-2: Base on Balls
|
Batting: RHB Pepe González
|
0-0: Called Strike 0-1: Foul Ball, location: 2F 0-2: Fly out, F9 (Flyball, 9M)
|
Batting: RHB Mario Beltrán
|
0-0: Foul Ball, location: 2F 0-1: DOUBLE (Line Drive, 7D) Rafael Torres to third Runner from 3rd tries for Home, SAFE, throw made home
|
Pinch Runner at 2nd Ánibal Pérez:
|
|
Batting: RHB Richard Coker
|
0-0: Ball 1-0: Ground out 1-3 (Groundball, 23) Ánibal Pérez to third
|
Batting: LHB Bartolo Villanueva
|
0-0: Called Strike 0-1: Ground out 4-3 (Groundball, 4M)
|
Top of the 1st over - 1 run(s), 1 hit(s), 0 error(s), 1 left on base; Houston 1 - San Jose 0 |
BOTTOM OF THE 1ST |
San Jose Missions batting - Pitching for Houston Hammertime : RHP António Galindo
|
Pitching: RHP António Galindo
|
|
Now at C: Ánibal Pérez
|
|
Batting: RHB Andrew Benson
|
0-0: Foul Ball, location: 2F 0-1: Foul Ball, location: 2F 0-2: Ball 1-2: Strikes out swinging
|
Batting: RHB Jorge Díaz
|
0-0: Ground out 5-3 (Groundball, 56)
|
Batting: RHB Ramón Ruíz
|
0-0: Ball 1-0: Ball 2-0: Called Strike 2-1: DOUBLE (Groundball, 5L)
|
Batting: RHB Dale Taylor
|
0-0: Ball 1-0: Swinging Strike 1-1: Ball 2-1: Swinging Strike 2-2: Strikes out swinging
|
Bottom of the 1st over - 0 run(s), 1 hit(s), 0 error(s), 1 left on base; Houston 1 - San Jose 0 |
TOP OF THE 2ND |
Houston Hammertime batting - Pitching for San Jose Missions : LHP Octávio Pérez
|
Batting: RHB Arturo Rodríguez
|
0-0: Ball 1-0: Foul Ball, location: 2F 1-1: Ball 2-1: SINGLE (Groundball, 4MD)
|
Batting: LHB José Villegas
|
0-0: SINGLE (Groundball, 34D) Arturo Rodríguez to second Runner from 2nd tries for 3rd, SAFE, throw made to third
|
Batting: LHB Juan Cabañas
|
0-0: Ball 1-0: Foul Ball, location: 2F 1-1: Foul Ball, location: 2F 1-2: Foul Ball, location: 2F 1-2: Ball 2-2: Grounds out, U3 (Groundball, 3L) Arturo Rodríguez scores
|
Batting: LHB Fernando Camacho
|
0-0: Ball 1-0: Foul Ball, location: 2F 1-1: Ball 2-1: Swinging Strike 2-2: Ball 3-2: Ground out 3-1 (Groundball, 34) José Villegas to third
|
Batting: RHB Rafael Torres
|
0-0: Called Strike 0-1: Ground out 4-3 (Groundball, 4M)
|
Top of the 2nd over - 1 run(s), 2 hit(s), 0 error(s), 1 left on base; Houston 2 - San Jose 0 |
BOTTOM OF THE 2ND |
San Jose Missions batting - Pitching for Houston Hammertime : RHP António Galindo
|
Batting: LHB Mel Jones
|
0-0: Called Strike 0-1: Swinging Strike 0-2: Ground out 4-3 (Groundball, 34)
|
Batting: RHB Irwin Duncan
|
0-0: Called Strike 0-1: Ball 1-1: Ball 2-1: Fly out, F4 (Line Drive, 4D)
|
Batting: RHB Greg Ball
|
0-0: Ball 1-0: Ball 2-0: Ball 3-0: Base on Balls
|
Batting: RHB Kyle Williams
|
0-0: Fly out, F6 (Popup, 6)
|
Bottom of the 2nd over - 0 run(s), 0 hit(s), 0 error(s), 1 left on base; Houston 2 - San Jose 0 |
TOP OF THE 3RD |
Houston Hammertime batting - Pitching for San Jose Missions : LHP Octávio Pérez
|
Batting: RHB Pepe González
|
0-0: Ball 1-0: Ball 2-0: Ball 3-0: Called Strike 3-1: Foul Ball, location: 2F 3-2: Ground out 6-3 (Groundball, 6)
|
Batting: RHB Ánibal Pérez
|
0-0: Called Strike 0-1: Fly out, F8 (Flyball, 8RM)
|
Batting: RHB Richard Coker
|
0-0: Ball 1-0: Ball 2-0: Foul Ball, location: 2F 2-1: Ball 3-1: Base on Balls
|
Batting: LHB Bartolo Villanueva
|
0-0: Swinging Strike 0-1: Foul Ball, location: 2F 0-2: Ball 1-2: Strikes out swinging
|
Top of the 3rd over - 0 run(s), 0 hit(s), 0 error(s), 1 left on base; Houston 2 - San Jose 0 |
BOTTOM OF THE 3RD |
San Jose Missions batting - Pitching for Houston Hammertime : RHP António Galindo
|
Batting: RHB Dale O'Feennaghty
|
0-0: Ball 1-0: Called Strike 1-1: Ball 2-1: Ball 3-1: Called Strike 3-2: SINGLE (Line Drive, 78S)
|
Batting: RHB Andrew Benson
|
0-0: Ball 1-0: Ball 2-0: Foul Ball, location: 2F 2-1: SINGLE (Line Drive, 7S) Dale O'Feennaghty to second
|
Batting: RHB Jorge Díaz
|
0-0: SINGLE (Line Drive, 78S) Dale O'Feennaghty to third Andrew Benson to second Runner from 3rd tries for Home, SAFE, no throw or cutoff
|
Batting: RHB Ramón Ruíz
|
0-0: Ball 1-0: Called Strike 1-1: Ball 2-1: Foul Ball, location: 2F 2-2: Grounds into double play, U5-3 (Groundball, 5L) Jorge Díaz to second
|
Batting: RHB Dale Taylor
|
0-0: Called Strike 0-1: Swinging Strike 0-2: Ball 1-2: Ball 2-2: Foul Ball, location: 2F 2-2: Foul Ball, location: 2F 2-2: Ball 3-2: Strikes out swinging
|
Bottom of the 3rd over - 1 run(s), 3 hit(s), 0 error(s), 1 left on base; Houston 2 - San Jose 1 |
TOP OF THE 4TH |
Houston Hammertime batting - Pitching for San Jose Missions : LHP Octávio Pérez
|
Batting: RHB Arturo Rodríguez
|
0-0: Foul Ball, location: 2F 0-1: Ball 1-1: Ball 2-1: Foul Ball, location: 2F 2-2: Ball 3-2: Ground out 4-3 (Groundball, 4)
|
Batting: LHB José Villegas
|
0-0: Foul Ball, location: 2F 0-1: Ball 1-1: Foul Ball, location: 2F 1-2: SINGLE (Line Drive, 34)
|
Batting: LHB Juan Cabañas
|
0-0: Called Strike 0-1: SINGLE (Line Drive, 4D) José Villegas to second
|
Batting: LHB Fernando Camacho
|
0-0: Fly out, F3 (Line Drive, 3)
|
Batting: RHB Rafael Torres
|
0-0: Called Strike 0-1: SINGLE (Line Drive, 89S) José Villegas to third Juan Cabañas to second
|
Batting: RHB Pepe González
|
0-0: Called Strike 0-1: Foul Ball, location: 2F 0-2: GRAND SLAM HOME RUN (Flyball, 7LD), Distance : 375 ft
|
Batting: RHB Ánibal Pérez
|
0-0: Called Strike 0-1: Ball 1-1: Swinging Strike 1-2: Strikes out swinging
|
Top of the 4th over - 4 run(s), 4 hit(s), 0 error(s), 0 left on base; Houston 6 - San Jose 1 |
BOTTOM OF THE 4TH |
San Jose Missions batting - Pitching for Houston Hammertime : RHP António Galindo
|
Batting: LHB Mel Jones
|
0-0: Ground out 1-3 (Groundball, 15S)
|
Batting: RHB Irwin Duncan
|
0-0: Ball 1-0: Swinging Strike 1-1: Ball 2-1: Fly out, F8 (Flyball, 8LD)
|
Batting: RHB Greg Ball
|
0-0: Called Strike 0-1: Called Strike 0-2: Strikes out swinging
|
Bottom of the 4th over - 0 run(s), 0 hit(s), 0 error(s), 0 left on base; Houston 6 - San Jose 1 |
TOP OF THE 5TH |
Houston Hammertime batting - Pitching for San Jose Missions : LHP Octávio Pérez
|
Batting: RHB Richard Coker
|
0-0: Called Strike 0-1: Ball 1-1: Foul Ball, location: 2F 1-2: Foul Ball, location: 2F 1-2: Foul Ball, location: 2F 1-2: Foul Ball, location: 2F 1-2: Ball 2-2: SINGLE (Groundball, 4D)
|
Pitching: RHP Larry West
|
|
Batting: LHB Bartolo Villanueva
|
0-0: Called Strike 0-1: Fly out, F7 (Flyball, 78S)
|
Batting: RHB Arturo Rodríguez
|
0-0: Ball 1-0: Called Strike 1-1: Grounds into double play, U4-3 (Groundball, 4)
|
Top of the 5th over - 0 run(s), 1 hit(s), 0 error(s), 0 left on base; Houston 6 - San Jose 1 |
BOTTOM OF THE 5TH |
San Jose Missions batting - Pitching for Houston Hammertime : RHP António Galindo
|
Batting: RHB Kyle Williams
|
0-0: Ball 1-0: Foul Ball, location: 2F 1-1: Ball 2-1: Swinging Strike 2-2: Strikes out swinging
|
Batting: RHB Dale O'Feennaghty
|
0-0: Ball 1-0: Ground out 4-3 (Groundball, 4)
|
Batting: RHB Andrew Benson
|
0-0: Called Strike 0-1: SINGLE (Flyball, 8LS)
|
Batting: RHB Jorge Díaz
|
0-0: Called Strike 0-1: Ball 1-1: Foul Ball, location: 2F 1-2: Ball 2-2: Strikes out swinging
|
Bottom of the 5th over - 0 run(s), 1 hit(s), 0 error(s), 1 left on base; Houston 6 - San Jose 1 |
TOP OF THE 6TH |
Houston Hammertime batting - Pitching for San Jose Missions : RHP Larry West
|
Batting: LHB José Villegas
|
0-0: Called Strike 0-1: Swinging Strike 0-2: Ball 1-2: Foul Ball, location: 2F 1-2: Foul Ball, location: 2F 1-2: Ground out 4-3 (Groundball, 34)
|
Batting: LHB Juan Cabañas
|
0-0: Called Strike 0-1: Ball 1-1: Foul Ball, location: 2F 1-2: Ball 2-2: Foul Ball, location: 2F 2-2: Foul Ball, location: 2F 2-2: Strikes out swinging
|
Batting: LHB Fernando Camacho
|
0-0: Fly out, F8 (Flyball, 8LS)
|
Top of the 6th over - 0 run(s), 0 hit(s), 0 error(s), 0 left on base; Houston 6 - San Jose 1 |
BOTTOM OF THE 6TH |
San Jose Missions batting - Pitching for Houston Hammertime : RHP António Galindo
|
Batting: RHB Ramón Ruíz
|
0-0: Swinging Strike 0-1: Called Strike 0-2: Strikes out swinging
|
Batting: RHB Dale Taylor
|
0-0: Swinging Strike 0-1: Swinging Strike 0-2: Strikes out swinging
|
Batting: LHB Mel Jones
|
0-0: Ball 1-0: Called Strike 1-1: Swinging Strike 1-2: Ball 2-2: Foul Ball, location: 2F 2-2: Ground out 1-3 (Groundball, 13)
|
Bottom of the 6th over - 0 run(s), 0 hit(s), 0 error(s), 0 left on base; Houston 6 - San Jose 1 |
TOP OF THE 7TH |
Houston Hammertime batting - Pitching for San Jose Missions : RHP Larry West
|
Batting: RHB Rafael Torres
|
0-0: Ball 1-0: SINGLE (Groundball, 6MD)
|
Batting: RHB Pepe González
|
0-0: Ball 1-0: Ball 2-0: Ball 3-0: Base on Balls Rafael Torres to second
|
Batting: RHB Ánibal Pérez
|
0-0: Ball 1-0: Swinging Strike 1-1: Swinging Strike 1-2: Foul Ball, location: 2F 1-2: Foul Ball, location: 2F 1-2: SINGLE (Groundball, 56D) Rafael Torres to third Pepe González to second
|
Batting: RHB Richard Coker
|
0-0: Ball 1-0: Ball 2-0: Ball 3-0: Base on Balls Rafael Torres scores Pepe González to third Ánibal Pérez to second
|
Batting: LHB Bartolo Villanueva
|
0-0: Ball 1-0: Foul Ball, location: 2F 1-1: Ball 2-1: SINGLE (Groundball, 56D) Pepe González scores Ánibal Pérez to third Richard Coker to second Runner from 3rd tries for Home, SAFE, throw made home Richard Coker to third Bartolo Villanueva to second
|
Batting: RHB Arturo Rodríguez
|
0-0: Foul Ball, location: 2F 0-1: Ball 1-1: SINGLE (Line Drive, 78M) Richard Coker scores Bartolo Villanueva to third
|
Batting: LHB José Villegas
|
0-0: Ball 1-0: Ball 2-0: Ball 3-0: Base on Balls Arturo Rodríguez to second
|
Batting: LHB Juan Cabañas
|
0-0: Foul Ball, location: 2F 0-1: Foul Ball, location: 2F 0-2: SINGLE (Groundball, 56D) Bartolo Villanueva scores Arturo Rodríguez to third José Villegas to second
|
Batting: LHB Fernando Camacho
|
0-0: Foul Ball, location: 2F 0-1: Swinging Strike 0-2: Ball 1-2: Grounds into double play, 4-6-3 (Groundball, 34) Arturo Rodríguez scores José Villegas to third
|
Batting: RHB Rafael Torres
|
0-0: Ball 1-0: Ball 2-0: Ball 3-0: Base on Balls
|
Batting: RHB Pepe González
|
0-0: Ball 1-0: Ball 2-0: Fly out, F6 (Line Drive, 6M)
|
Top of the 7th over - 6 run(s), 5 hit(s), 0 error(s), 2 left on base; Houston 12 - San Jose 1 |
BOTTOM OF THE 7TH |
San Jose Missions batting - Pitching for Houston Hammertime : RHP António Galindo
|
Batting: RHB Irwin Duncan
|
0-0: Ball 1-0: Foul Ball, location: 2F 1-1: Ball 2-1: Bunt missed! 2-2: SINGLE (Groundball, 6D)
|
Pinch Hitting: LHB Miguel Montés
|
0-0: Ball 1-0: TRIPLE (Flyball, 78D) Irwin Duncan scores
|
Batting: RHB Kyle Williams
|
0-0: Ball 1-0: Called Strike 1-1: Fly out, F6 (Line Drive, 6)
|
Batting: RHB Dale O'Feennaghty
|
0-0: Ball 1-0: Ground out 6-3 (Groundball, 6M) Miguel Montés scores
|
Batting: RHB Andrew Benson
|
0-0: Fly out, F3 (Popup, 3DF)
|
Bottom of the 7th over - 2 run(s), 2 hit(s), 0 error(s), 0 left on base; Houston 12 - San Jose 3 |
TOP OF THE 8TH |
Houston Hammertime batting - Pitching for San Jose Missions : RHP Larry West
|
Now in RF: Miguel Montés
|
|
Batting: RHB Ánibal Pérez
|
0-0: SINGLE (Groundball, 56)
|
Pitching: RHP Lee Donahue
|
|
Batting: RHB Richard Coker
|
0-0: Called Strike 0-1: SINGLE (Flyball, 9LS) Ánibal Pérez to second
|
Batting: LHB Bartolo Villanueva
|
0-0: Ball 1-0: Called Strike 1-1: Foul Ball, location: 2F 1-2: Ball 2-2: Foul Ball, location: 2F 2-2: Ball 3-2: Strikes out swinging
|
Batting: RHB Arturo Rodríguez
|
0-0: Ball 1-0: Fly out, F9 (Flyball, 9M) Runner from 2nd tags up, SAFE at 3rd with throw
|
Batting: LHB José Villegas
|
0-0: Ball 1-0: Ground out 3-1 (Groundball, 3L)
|
Top of the 8th over - 0 run(s), 2 hit(s), 0 error(s), 2 left on base; Houston 12 - San Jose 3 |
BOTTOM OF THE 8TH |
San Jose Missions batting - Pitching for Houston Hammertime : RHP António Galindo
|
Pitching: RHP José Ortíz
|
|
Now in LF: Dan Mason
|
|
Now in RF: Enrique Valentín
|
|
Batting: RHB Jorge Díaz
|
0-0: Ball 1-0: Ball 2-0: Swinging Strike 2-1: Called Strike 2-2: Ball 3-2: Foul Ball, location: 2F 3-2: Foul Ball, location: 2F 3-2: Foul Ball, location: 2F 3-2: Foul Ball, location: 2F 3-2: Base on Balls
|
Batting: RHB Ramón Ruíz
|
0-0: Ball 1-0: Hit by Pitch Jorge Díaz to second
|
Batting: RHB Dale Taylor
|
0-0: Called Strike 0-1: Ball 1-1: Ball 2-1: Ball 3-1: Called Strike 3-2: Foul Ball, location: 2F 3-2: Strikes out looking
|
Batting: LHB Mel Jones
|
0-0: Ball 1-0: Grounds into double play, 5-4-3 (Groundball, 5)
|
Bottom of the 8th over - 0 run(s), 0 hit(s), 0 error(s), 1 left on base; Houston 12 - San Jose 3 |
TOP OF THE 9TH |
Houston Hammertime batting - Pitching for San Jose Missions : RHP Lee Donahue
|
Batting: LHB Juan Cabañas
|
0-0: Called Strike 0-1: Ball 1-1: Ground out 4-3 (Groundball, 4)
|
Batting: LHB Fernando Camacho
|
0-0: Fly out, F6 (Popup, 4M)
|
Batting: RHB Rafael Torres
|
0-0: Called Strike 0-1: Ball 1-1: DOUBLE (Flyball, 8LXD)
|
Batting: RHB Pepe González
|
0-0: Swinging Strike 0-1: Ball 1-1: Ball 2-1: Swinging Strike 2-2: Ball 3-2: Base on Balls
|
Batting: RHB Ánibal Pérez
|
0-0: Ball 1-0: Ball 2-0: Ball 3-0: Base on Balls Rafael Torres to third Pepe González to second
|
Batting: RHB Richard Coker
|
0-0: Called Strike 0-1: Ball 1-1: Ball 2-1: Ball 3-1: Base on Balls Rafael Torres scores Pepe González to third Ánibal Pérez to second
|
Batting: RHB Dan Mason
|
0-0: Ball 1-0: Fly out, F6 (Line Drive, 6)
|
Top of the 9th over - 1 run(s), 1 hit(s), 0 error(s), 3 left on base; Houston 13 - San Jose 3 |
BOTTOM OF THE 9TH |
San Jose Missions batting - Pitching for Houston Hammertime : RHP José Ortíz
|
Now in CF: Pedro Meza
|
|
Pinch Hitting: RHB Armando López
|
0-0: Called Strike 0-1: Swinging Strike 0-2: Strikes out swinging
|
Batting: LHB Miguel Montés
|
0-0: Ball 1-0: Foul Ball, location: 2F 1-1: Ground out U3 (Groundball, 3S)
|
Batting: RHB Kyle Williams
|
0-0: Called Strike 0-1: Called Strike 0-2: Ground out 5-3 (Groundball, 5S)
|
Bottom of the 9th over - 0 run(s), 0 hit(s), 0 error(s), 0 left on base; Houston 13 - San Jose 3 |
|